 Dungeon Crawl Stone Soup version 0.31-a0-188-g5e087ee2ca (webtiles) character file.

Game seed: 832105782662305437

66 qw the Shooter (level 3, -2/20 HPs)
             Began as a Deep Elf Hunter on June 23, 2023.
             Slain by a gnoll
             ... wielding a +0 flail
              (7 damage)
             ... on level 3 of the Dungeon.
             The game lasted 00:00:35 (1260 turns).

qw the Shooter (Deep Elf Hunter)                    Turns: 1260, Time: 00:00:36

Health: -2/20      AC: 10    Str: 10    XL:     3   Next: 96%
Magic:  5/5        EV:  9    Int: 13    God:
Gold:   23         SH:  0    Dex: 18    Spells: 2/2 levels left

rFire   . . .        Y - +0 shortbow
rCold   . . .        (shield currently unavailable)
rNeg    . . .        j - +0 scale mail
rPois   .            c - +2 helmet
rElec   .            (no cloak)
rCorr   .            b - +0 pair of gloves
SInv    .            (no boots)
Will    .....        (no amulet)
Stlth   +            (no ring)
HPRegen 0.23/turn    (no ring)
MPRegen 0.09/turn

%: no passive effects
@: no status effects
A: no striking features
a: no special abilities


You were on level 3 of the Dungeon.
You visited 1 branch of the dungeon, and saw 3 of its levels.

You collected 23 gold pieces.


   Skills:
 - Level 1.5 Fighting
 + Level 7.4 Ranged Weapons
 - Level 2.4 Dodging
 - Level 1.2 Stealth


You had 2 spell levels left.
You didn't know any spells.
Your spell library was empty.

Inventory:

Hand Weapons
 Y - a +0 shortbow (weapon)
Armour
 b - a +0 pair of gloves (worn)
 c - a +2 helmet (worn)
 j - a +0 scale mail (worn)
Scrolls
 f - a scroll of identify
Potions
 g - a potion of enlightenment
 h - a potion of curing

Dungeon Overview and Level Annotations

Branches:
Dungeon (3/15)

Altars:

Annotations:
D:1 1 transporter


Message History

There is a stone staircase leading up here.
Waypoint 2 assigned to D:3.
1243 ||| PLANNING SEWER
There is an escape hatch in the ceiling here. 2 gnolls come into view.
Found 16 gold pieces.
You shoot an arrow.
The arrow hits the gnoll but does no damage.
You hear a shout! x2
You shoot an arrow. The arrow hits the gnoll.
The gnoll is heavily wounded.
You hear a shout!
You hear an angry hiss.
You shoot an arrow. The arrow hits the gnoll!
You kill the gnoll!
A gnoll comes into view. It is wielding a +0 club.
You shoot an arrow. The arrow closely misses the gnoll.
The gnoll hits you but does no damage.
A gnoll comes into view. It is wielding a +0 flail.
The gnoll hits you with a +0 flail!
You shoot an arrow. The arrow closely misses the gnoll.
The arrow hits the gnoll.
The gnoll is moderately wounded.
You shoot an arrow.
The arrow hits the gnoll but does no damage.
The gnoll is moderately wounded.
The gnoll hits you but does no damage. The gnoll completely misses you.
You shoot an arrow. The arrow hits the gnoll.
The gnoll is heavily wounded.
The gnoll hits you with a +0 flail! The gnoll closely misses you.
You shoot an arrow. The arrow hits the gnoll.
The gnoll is severely wounded.
The gnoll hits you with a +0 flail. The gnoll hits you but does no damage.
You shoot an arrow. The arrow barely misses the gnoll.
The arrow hits the gnoll but does no damage.
The gnoll hits you but does no damage. x2; The gnoll hits you with a +0 flail.
The gnoll closely misses you.
You shoot an arrow. The arrow hits the gnoll.
The gnoll is almost dead.
The gnoll hits you with a +0 flail!
You die...

#. #....
### $#..#.
.. .....
.. ......
.. .#.. ..
.g####...
#.
##gg......
#.###.@#
#..#.<##
#.....#
#.....#
#.....#
#.....#
#..<[.#
#######


You could see 3 gnolls.

Vanquished Creatures
  A gnoll (D:3)
  A worm (D:1)
  5 dart slugs
  5 bats
  3 endoplasms
  4 goblins
  5 hobgoblins
  4 quokkas
  3 ball pythons (D:1)
  4 kobolds (D:1)
  7 rats
42 creatures vanquished.

Notes
Turn   | Place    | Note
-------+----------+-------------------------------------------
     0 | D:1      | qw the Deep Elf Hunter began the quest for the Orb.
     0 | D:1      | Reached XP level 1. HP: 12/12 MP: 3/3
     0 | D:1      | 0 ||| qw: Version: 0.3-a-9-g12657ce
     0 | D:1      | 0 ||| qw: Game counter: 3834
     0 | D:1      | 0 ||| qw: Always use a shield: true
     0 | D:1      | 0 ||| qw: God list: Okawaru
     0 | D:1      | 0 ||| qw: Allow faded altars: false
     0 | D:1      | 0 ||| qw: Do Orc after D:15 true
     0 | D:1      | 0 ||| qw: Do second Lair branch before Depths: true
     0 | D:1      | 0 ||| qw: Lair rune preference: random
     0 | D:1      | 0 ||| qw: Plans: Normal
     0 | D:1      | 0 ||| PLANNING D:1-11
    15 | D:1      | 15 ||| DROPPING +2 sling of freezing.
   232 | D:1      | Reached XP level 2. HP: 16/16 MP: 4/4
   262 | D:1      | Reached skill level 6 in Ranged Weapons
   400 | D:1      | Reached XP level 3. HP: 16/20 MP: 5/5
   592 | D:1      | 592 ||| UPGRADING to +0 scale mail.
   602 | D:1      | 602 ||| DROPPING +0 leather armour.
   603 | D:1      | 603 ||| READING scroll labelled VUMUAR UROTOANK.
   604 | D:1      | 604 ||| READING 3 scrolls labelled KOMULE XUGYU.
   605 | D:1      | 605 ||| READING 2 scrolls labelled ONIOKK AZUQA.
   606 | D:1      | 606 ||| READING 2 scrolls of identify.
   606 | D:1      | 606 ||| IDENTIFYING murky amethyst potion
   607 | D:1      | 607 ||| DROPPING scroll of butterflies.
   608 | D:1      | 608 ||| DROPPING potion of lignification.
   609 | D:1      | 609 ||| DROPPING scroll of immolation.
   634 | D:2      | 634 ||| STAIRDANCE
   924 | D:2      | Reached skill level 7 in Ranged Weapons
  1220 | D:2      | 1220 ||| UPGRADING to +0 pair of gloves.
  1225 | D:2      | 1225 ||| UPGRADING to +2 helmet.
  1230 | D:2      | 1230 ||| READING scroll labelled QOONODW NUOWKU.
  1231 | D:2      | 1231 ||| READING 3 scrolls of identify.
  1231 | D:2      | 1231 ||| IDENTIFYING amethyst potion
  1232 | D:2      | 1232 ||| READING 2 scrolls of identify.
  1232 | D:2      | 1232 ||| IDENTIFYING yellow potion
  1243 | D:3      | 1243 ||| PLANNING SEWER
  1259 | D:3      | HP: 5/20 [gnoll/+0 flail (2)]
  1260 | D:3      | Slain by a gnoll

Levels and vault maps discovered:
D:1:      spicycebolla_arrival_risky_transporter, layout_rooms,
          chequers_serial_rivers_room_b, grunt_decor_clamped, st_stairs_4
D:2:      layout_loops_cross
D:3:      layout_rooms, nicolae_overflow_crystal_walls,
          grunt_temple_overflow_octagram, gup_sewer_entry_spiral,
          minmay_close_crescents

Skill      XL: |  1  2  3 |
---------------+----------+-----
Ranged Weapons | 6 7 |  7.4
Fighting       | |  1.5
Dodging        | |  2.4
Stealth        | |  1.2

Action                     || total
---------------------------++-------
   Fire: Shortbow          ||   137
    Use: Scroll            ||     7
 Armour: Leather armour    ||     7
         Scale mail        ||    25
  Dodge: Dodged            ||    37

Table legend:
 A = Non-vault XP
 B = Vault XP
 C = Vault XP percentage of total XP
 D = Non-vault monster count
 E = Vault monster count
 F = Vault count percentage of total count
                 A         B        C        D         E       F
            +---------+---------+-------+---------+---------+-------
      Total |      92 |       3 |   3.2 |      40 |       2 |   4.8
            +---------+---------+-------+---------+---------+-------
        D:1 |      51 |       3 |   5.6 |      26 |       2 |   7.1
        D:2 |      27 |       0 |   0.0 |      13 |       0 |   0.0
        D:3 |      14 |       0 |   0.0 |       1 |       0 |   0.0
            +---------+---------+-------+---------+---------+-------
